 Dungeon Crawl Stone Soup version 0.29.1-1-gd02db6906a (webtiles) character file.

Game seed: 7294130264507218639

86 gzilladon the Chopper (level 4, -4/41 HPs)
             Began as a Hill Orc Monk on Sept 26, 2022.
             Slain by a gnoll
             ... wielding a +0 club
              (7 damage)
             ... on level 2 of the Dungeon.
             The game lasted 00:06:18 (2577 turns).

gzilladon the Chopper (Hill Orc Monk)               Turns: 2577, Time: 00:06:18

Health: -4/41      AC:  6    Str: 15    XL:     4   Next: 49%
Magic:  4/4        EV: 11    Int: 10    God:
Gold:   113        SH:  0    Dex: 13    Spells: 3/3 levels left

rFire   . . .      SeeInvis .   a - +0 hand axe
rCold   . . .      Faith    .   (no shield)
rNeg    . . .      Spirit   .   p - +0 ring mail
rPois   .          Reflect  .   j - +0 helmet
rElec   .          Harm     .   (no cloak)
rCorr   .          Rampage  .   (no gloves)
Will    .....                   (no boots)
Stlth   +.........              (no amulet)
HPRegen 0.13/turn               (no ring)
MPRegen 0.09/turn               (no ring)

@: flying
A: no striking features
a: no special abilities


You were on level 2 of the Dungeon.
You visited 1 branch of the dungeon, and saw 2 of its levels.

You collected 113 gold pieces.

Inventory:

Hand Weapons
 a - a +0 hand axe (weapon)
Missiles
 d - 36 stones (quivered)
Armour
 b - a +0 robe
 j - a +0 helmet (worn)
 k - the +1 robe of Ysagil {rN+}
   (You found it on level 2 of the Dungeon)

   rN:        It protects you from negative energy.
 p - a +0 ring mail (worn)
Scrolls
 c - 2 scrolls of teleportation {unknown}
 e - 2 scrolls of fear {unknown}
 f - a scroll of magic mapping {unknown}
 g - a scroll of noise {unknown}
 h - 3 scrolls of blinking {unknown}
 o - 2 scrolls of identify {unknown}
Potions
 l - a potion of brilliance {unknown}
 m - a potion of curing {unknown}
 n - a potion of lignification {unknown}


   Skills:
 * Level 4.9 Fighting
 + Level 5.1 Axes
 + Level 2.9 Dodging
 - Level 1.5 Stealth


You had 3 spell levels left.
You didn't know any spells.
Your spell library was empty.

Dungeon Overview and Level Annotations

Branches:
Dungeon (2/15)

Altars:


Message History

A gnoll comes into view. It is wielding a +0 spear.
You see here a +0 ring mail.
p - a +0 ring mail A gnoll comes into view.
It is wielding a +0 flail.
The gnoll shouts! x3
Keep disrobing?
You start removing your armour.
You continue taking off your +0 robe. x4
You finish taking off your +0 robe.
The gnoll hits you from afar with a +0 spear.
Keep equipping yourself?
You start putting on your armour.
You continue putting on your +0 ring mail.
The gnoll barely misses you.
You continue putting on your +0 ring mail.
The gnoll closely misses you. The gnoll barely misses you.
The gnoll hits you from afar with a +0 spear!
You continue putting on your +0 ring mail.
The gnoll hits you with a +0 flail. The gnoll completely misses you.
The gnoll barely misses you.
You continue putting on your +0 ring mail.
The gnoll hits you with a +0 flail! The gnoll misses you.
The gnoll hits you from afar with a +0 spear.
* * * LOW HITPOINT WARNING * * *
You finish putting on your +0 ring mail.
You hit the gnoll. Your punch misses the gnoll.
The gnoll is moderately wounded.
You hit the gnoll but do no damage. You hit the gnoll.
The gnoll barely misses you.
The gnoll hits you from afar with a +0 spear.
* * * LOW HITPOINT WARNING * * *
The gnoll hits you but does no damage.
It was a potion of flight.
You feel very buoyant.
You fly up into the air.
The gnoll hits you with a +0 flail.
* * * LOW HITPOINT WARNING * * *
The gnoll closely misses you.
The gnoll hits you from afar with a +0 spear.
* * * LOW HITPOINT WARNING * * *
The gnoll hits you with a +0 club!
You die...

#.##.#)#..#.....#...
####
#.##.#.##.#...#.#.#.#
#...
#.##.#....#...#.#.#.#
#....######.###.#.#..
#..## ###### #.###.#
.##.....# #.....# ..
........ ########### ...
#..#### ........g.###...
###.#... ......gr@....#
#.....#. ....[..gg....#
#.#..... .............#
#!###... [............#
#.# #.## ........†....#
# #.# #.##
.............# #.#.###.#
#............###.#.....#
#########......#...#####
######.###.#


You could see 4 gnolls and a rat.

Vanquished Creatures
  3 adders (D:2)
  A worm (D:2)
  A dart slug (D:1)
  4 ball pythons
  4 bats
  9 endoplasms
  6 goblins
  6 hobgoblins
  3 jackals (D:1)
  A quokka (D:2)
  4 frilled lizards
  5 kobolds
  3 rats
50 creatures vanquished.

Vanquished Creatures (others)
  A plant (D:1)
1 creature vanquished.

Grand Total: 51 creatures vanquished

Notes
Turn   | Place    | Note
-------+----------+-------------------------------------------
     0 | D:1      | gzilladon the Hill Orc Monk began the quest for the Orb.
     0 | D:1      | Reached XP level 1. HP: 19/19 MP: 1/1
   197 | D:1      | Reached XP level 2. HP: 17/27 MP: 2/2
   360 | D:1      | Found a faded altar of an unknown god.
   897 | D:1      | Reached XP level 3. HP: 29/34 MP: 3/3
  1869 | D:2      | Identified the +1 robe of Ysagil {rN+}
  2243 | D:2      | Reached XP level 4. HP: 34/41 MP: 4/4
  2295 | D:2      | Reached skill level 5 in Axes
  2577 | D:2      | Slain by a gnoll

Illustrated notes

Levels and vault maps discovered:
D:1:      minmay_arrival_diagonal_passages, layout_loops_ring,
          dreamdust_ecumenical_altar_hidden_monk_grotto
D:2:      layout_basic, serial_park_tiny_2

Skill      XL: |  1  2  3  4 |
---------------+-------------+-----
Fighting       | 4 |  4.9
Axes           | 5 |  5.1
Dodging        | |  2.9
Stealth        | |  1.5

Action                   |  1- 3 |  4- 6 || total
-------------------------+-------+-------++-------
Melee: Hand axe          |   170 |    29 ||   199
Throw: Stone             |     1 |       ||     1
  Use: Potion            |     1 |     1 ||     2
 Stab: Sleeping          |     3 |       ||     3
Armor: Robe              |    59 |     6 ||    65
       Ring mail         |       |     1 ||     1
Dodge: Dodged            |   128 |    23 ||   151
